 Dungeon Crawl Stone Soup version 0.28-a0-850-g09de17f5b5 (webtiles) character file.

Game seed: 71158392068134238

1310 Htamos the Digger (level 8, -1/75 HPs)
             Began as a Troll Earth Elementalist on Nov 14, 2021.
             Was an Initiate of Sif Muna.
             Succumbed to a water moccasin's poison
             ... on level 6 of the Dungeon.
             The game lasted 00:15:14 (5468 turns).

Htamos the Digger (Troll Earth Elementalist)        Turns: 5468, Time: 00:15:14

Health: -1/75      AC:  4    Str: 16 (17) XL:     8   Next: 32%
Magic:  9/11       EV: 10    Int: 10 (13) God:    Sif Muna [......]
Gold:   266        SH:  0    Dex: 10      Spells: 6/12 levels left

rFire   + . .      SeeInvis .   (no weapon)
rCold   . . .      Faith    .   (no shield)
rNeg    . . .      Spirit   .   b - +0 robe
rPois   .          Reflect  .   (helmet restricted)
rElec   .          Harm     .   (no cloak)
rCorr   +          Rampage  .   (gloves unavailable)
Will    .....                   (boots unavailable)
Stlth   +.........              (no amulet)
HPRegen 1.22/turn               i - ring of protection from fire
MPRegen 0.12/turn               m - ring of resist corrosion

@: brilliant, lethally poisoned (-1 -> -10)
A: large, unfitting armour, claws 3, regeneration 1, shaggy fur 1, tough skin 1
a: Renounce Religion


You were on level 6 of the Dungeon.
You worshipped Sif Muna.
Sif Muna was noncommittal.
You visited 2 branches of the dungeon, and saw 8 of its levels.

You collected 266 gold pieces.

Inventory:

Hand Weapons
 h - a +1 whip of freezing
Missiles
 c - 212 stones
Armour
 b - a +0 robe (worn)
Jewellery
 i - a ring of protection from fire (left claw)
 m - a ring of resist corrosion (right claw)
Wands
 j - a wand of polymorph (11)
Scrolls
 a - a scroll of teleportation {unknown}
 d - a scroll of immolation {unknown}
 e - 2 scrolls of identify {@rr}
 f - 2 scrolls of vulnerability
 o - 2 scrolls of torment {unknown}
 p - a scroll of enchant weapon {unknown}
 r - a scroll of enchant armour {unknown}
 t - a scroll of brand weapon {unknown}
 u - a scroll of magic mapping {unknown}
 v - a scroll of amnesia {unknown}
Potions
 g - a potion of magic {unknown}
 l - a potion of flight


   Skills:
 + Level 3.0 Fighting
 + Level 3.8 Dodging
 - Level 1.1 Stealth
 + Level 2.8 Spellcasting
 + Level 3.0 Transmutations
 * Level 5.9 Earth Magic


You had 6 spell levels left.
You knew the following spells:

 Your Spells              Type           Power      Damage    Failure   Level
a - Sandblast             Erth           40%        2d10      2%          1
b - Passwall              Tmut/Erth      12%        N/A       7%          2
c - Stone Arrow           Conj/Erth      22%        3d8       26%         3

Your spell library contained the following spells:

 Spells                   Type           Power      Damage    Failure   Level
 Petrify                  Tmut/Erth      15%        N/A       41%         4


Dungeon Overview and Level Annotations

Branches:
Dungeon (7/15)             Temple (1/1) D:6

Altars:
Ashenzari
Cheibriados
Elyvilon
Fedhas
Gozag
Kikubaaqudgha
Makhleb
Okawaru
Qazlal
Ru
Sif Muna
Uskayaw
Wu Jian
Xom
Yredelemnul
Zin
The Shining One

Annotations:
D:4 2 runed translucent doors, benitares's ghost, amateur HOFi


Innate Abilities, Weirdness & Mutations

You are too large for most types of armour.
You have claws for hands.
Your natural rate of healing is unusually fast.
You are covered in fur. (AC +1)
You have tough skin. (AC +1)


Message History

The water moccasin bites you!
You are more poisoned.
The water moccasin poisons you!
You closely miss the water moccasin.
The water moccasin is moderately wounded.
You feel extremely sick. The water moccasin misses you.
The water moccasin bites you but does no damage.
Unknown command.
Casting: Sandblast (safe; 2% risk of failure)
Confirm with . or Enter, or press ? or * to list all spells.
Aiming: Sandblast (safe; 2% risk of failure)
Press: ? - help, Shift-Dir - straight line, f - water moccasin
Aim: a water moccasin (moderately wounded, 66% to hit)
The blast of sand hits the water moccasin!
The water moccasin is severely wounded.
You feel extremely sick. The water moccasin bites you!
* * * LOW HITPOINT WARNING * * *
You are lethally poisoned!
The water moccasin poisons you!
Casting: Sandblast (safe; 2% risk of failure)
Confirm with . or Enter, or press ? or * to list all spells.
Aiming: Sandblast (safe; 2% risk of failure)
Press: ? - help, Shift-Dir - straight line, f/p - water moccasin
Aim: a water moccasin (severely wounded, 66% to hit)
The blast of sand hits the water moccasin!
You kill the water moccasin!
Sif Muna accepts your kill.
* * * LOW HITPOINT WARNING * * *
You feel extremely sick.
Your Fighting skill increases to level 3!
Your Transmutations skill increases to level 3!
* * * LOW HITPOINT WARNING * * *
You feel extremely sick.
* * * LOW HITPOINT WARNING * * *
You feel very sick.
It was a potion of brilliance.
You feel clever all of a sudden.
You die...

##### #..# #...#
...## ._. ....
#.# ...# .... #.#
...# .<..
###.#### ...# ...
#.#.#..##...# ..#
#....@.....# #.#
#.#............
#.#
#.##.####.####.
#.#######.##.# #
.#
#.........##....
.
#.####.#.........
.# #.#
#.########## #
####.## #.#
#.....# #.#


There were no monsters in sight!

Vanquished Creatures
  A water moccasin (D:6)
  2 black bears
  2 ice beasts (D:4)
  A centaur (D:4)
  A bullfrog (D:6)
  A scorpion (D:5)
  2 wights (D:6)
  A howler monkey (D:6)
  An orc priest (D:3)
  2 jellies
  A gnoll shaman (D:5)
  3 hounds
  An orc wizard (D:3)
  A hound skeleton (D:5)
  12 gnolls
  8 adders
  2 worms
  7 orcs
  8 endoplasms
  3 giant cockroaches
  6 goblins
  8 hobgoblins
  4 jackals
  7 quokkas
  5 ball pythons
  7 bats
  2 frilled lizards
  10 kobolds
  9 rats
118 creatures vanquished.

Vanquished Creatures (others)
  4 fungi (D:4)
  11 plants (D:3)
15 creatures vanquished.

Grand Total: 133 creatures vanquished

Notes
Turn   | Place    | Note
-------+----------+-------------------------------------------
     0 | D:1      | Htamos the Troll Earth Elementalist began the quest for the
                  | Orb.
     0 | D:1      | Reached XP level 1. HP: 16/16 MP: 1/1
   196 | D:1      | Reached XP level 2. HP: 23/24 MP: 3/3
   251 | D:1      | Found a faded altar of an unknown god.
   576 | D:1      | Reached skill level 3 in Earth Magic
   831 | D:2      | Reached skill level 1 in Transmutations
   834 | D:2      | Learned a level 2 spell: Passwall
   846 | D:2      | Reached XP level 3. HP: 28/32 MP: 0/4
  1221 | D:2      | Reached XP level 4. HP: 18/40 MP: 0/5
  1703 | D:3      | Reached skill level 1 in Fighting
  1837 | D:3      | Reached XP level 5. HP: 39/48 MP: 6/6
  2771 | D:4      | Noticed a centaur
  2783 | D:4      | Killed a centaur
  2784 | D:4      | Reached skill level 4 in Earth Magic
  2784 | D:4      | Reached XP level 6. HP: 42/57 MP: 6/8
  2788 | D:4      | Learned a level 3 spell: Stone Arrow
  2828 | D:4      | Noticed an ice beast
  2843 | D:4      | Killed an ice beast
  3090 | D:4      | Noticed an ice beast
  3211 | D:4      | Killed an ice beast
  3212 | D:4      | Reached XP level 7. HP: 63/65 MP: 9/9
  3377 | D:4      | Found a runed translucent door.
  3492 | D:4      | Found a runed translucent door.
  3549 | D:4      | Noticed benitares's ghost (amateur HOFi)
  3929 | D:5      | Entered Level 5 of the Dungeon
  4109 | D:5      | Reached skill level 5 in Earth Magic
  5073 | D:6      | Reached XP level 8. HP: 55/74 MP: 10/10
  5273 | D:6      | Found a staircase to the Ecumenical Temple.
  5286 | Temple   | Entered the Ecumenical Temple
  5412 | Temple   | Became a worshipper of Sif Muna the Loreminder
  5450 | D:6      | Found an ornate altar of the Wu Jian Council.
  5467 | D:6      | HP: 3/75 [poisoned by a water moccasin]
  5468 | D:6      | Succumbed to a water moccasin's poison

Illustrated notes

Levels and vault maps discovered:
D:1:      dpeg_arrival_castle, layout_rooms, shapermc_ecumenical_altar_venn,
          serial_curves, eino_curves_01, eino_curves_01,
          chequers_serial_rivers_large_b
D:2:      layout_loops_cross, kennysheep_generic_room_5
D:3:      layout_loops_corners, serial_bayou, serial_bayou_pond_a,
          serial_bayou_pond_c, serial_bayou_shore_a, serial_bayou_shore_b,
          serial_bayou_pond_b
D:4:      kb_forest_paths, layout_loops_corners, ebering_ghost_sewer_f,
          serial_aquarium, aquarium_bridge_long_joined
          [aquarium_subvault_bridge, aquarium_subvault_balcony,
          aquarium_subvault_wall, aquarium_subvault_bridge,
          aquarium_subvault_wall, aquarium_subvault_bridge],
          aquarium_bridge_straight [aquarium_subvault_bridge,
          aquarium_subvault_wall, aquarium_subvault_bridge,
          aquarium_subvault_window], aquarium_window_1, aquarium_window_fake,
          aquarium_view_2d, aquarium_pool_2, uniq_blork_the_orc, uniq_eustachio
D:5:      layout_basic
D:6:      layout_loops_ring, chequers_temple_overflow_minitemple,
          pdpol_wu_jian_five_deadly_venoms, minmay_temple_entry_trees
D:7:      layout_loops_corners, feat_on_display
Temple:   eino_temple_scatter_basement

Skill      XL: |  1  2  3  4  5  6  7  8 |
---------------+-------------------------+-----
Earth Magic    | 3 4 5 |  5.9
Transmutations | 1 2 3 |  3.0
Dodging        | 2 3 |  3.8
Fighting       | 1 2 3 |  3.0
Spellcasting   | 2 |  2.8
Stealth        | |  1.1

Action                   |  1- 3 |  4- 6 |  7- 9 || total
-------------------------+-------+-------+-------++-------
Melee: Unarmed           |   123 |   239 |   206 ||   568
 Cast: Sandblast         |    11 |    14 |    31 ||    56
  Use: Potion            |       |       |     9 ||     9
       Scroll            |       |       |     2 ||     2
 Stab: Sleeping          |     3 |     1 |       ||     4
Armor: Robe              |    44 |    82 |    58 ||   184
       Skin              |       |       |    17 ||    17
Dodge: Dodged            |    69 |   113 |   108 ||   290

Table legend: (Time is in decaauts)
 A = Elapsed time spent in this place.
 B = Non-inter-level travel time spent in this place.
 C = Inter-level travel time spent in this place.
 D = Time resting spent in this place.
 E = Time spent auto-exploring this place.
 F = Levels seen in this place.
 G = Mean time per level.
                   A        B        C        D        E       F      G
               +--------+--------+--------+--------+--------+-----+--------+
         Total |   5500 |   5259 |    241 |      0 |   3779 |   8 |  687.5 |
       Dungeon |   5357 |   5162 |    195 |      0 |   3779 |   7 |  765.3 |
        Temple |    143 |     97 |     46 |      0 |      0 |   1 |  143.0 |
               +--------+--------+--------+--------+--------+-----+--------+

Top non-repeatable levels by time:
     D:4: 1211 daAuts
     D:3: 1167 daAuts
     D:5: 1028 daAuts
     D:1: 810 daAuts
     D:2: 790 daAuts
     D:6: 242 daAuts
  Temple: 143 daAuts
     D:7: 105 daAuts
